 Dungeon Crawl Stone Soup version 0.22-a0-51-g1bb26a1297 (webtiles) character file.

565224 Ezendos the Slayer (level 24, -19/248 HPs)
             Began as a Centaur Hunter on Jan 2, 2018.
             Was the Champion of Okawaru.
             Demolished by an Ice Fiend (24 damage)
             ... summoned by a deep elf demonologist
             ... on level 5 of the Vaults on Jan 9, 2018.
             The game lasted 06:26:25 (80479 turns).

Ezendos the Slayer (Centaur Hunter)                Turns: 80479, Time: 06:26:26

Health: -19/248    AC: 52    Str: 26    XL:     24   Next: 90%
Magic:  28/29      EV:  6    Int: 11    God:    Okawaru [******]
Gold:   1745       SH:  0    Dex: 16    Spells: 14/31 levels left

rFire    + + +     SeeInvis +   Z - +8 halberd of Chance {protect, rF+ rN+++ Str+6 Int-5}
rCold    + . .     Gourm    .   (shield currently unavailable)
rNeg     + + +     Faith    .   H - +13 crystal plate armour of Paranoia {rC+ rCorr}
rPois    .         Spirit   .   p - +3 crown of Dyrovepreva {rElec Int+2 SInv}
rElec    +         Reflect  .   y - scarf {cloud immunity}
rCorr    +         Harm     .   j - +2 pair of gloves {archery}
MR       ++++.     Rnd*Rage +   V - +4 centaur barding {rF+}
Stlth    ..........             B - amulet of Vitality {Regen+ HP+15}
HPRegen  0.91/turn              q - ring of the Mage {Wiz MR++ Int+3}
MPRegen  0.21/turn              i - ring "Ranaumuq" {rF+ MR+ SInv}

@: about to teleport, finesse, berserk cooldown, slowed, studying Fighting,
drained
A: large, hooves 3, berserk 1, deformed body, speed 2, mutation resistance 1,
tough skin 3
}: 4/15 runes: barnacled, slimy, abyssal, gossamer
a: Heroism, Finesse, Renounce Religion


You were on level 5 of the Vaults.
You worshipped Okawaru.
Okawaru was exalted by your worship.
You were very hungry.

You visited 10 branches of the dungeon, and saw 50 of its levels.
You visited the Abyss 4 times.
You also visited: Trove, Ossuary and Bailey.

You collected 6637 gold pieces.
You spent 4892 gold pieces at shops.

Inventory:

Hand Weapons
 a - the +8 longbow of the End of Times {freeze, -Tele rC+++ rN+ Stlth+}
   (Okawaru gifted it to you on level 13 of the Dungeon)

   It causes projectiles fired from it to freeze those they strike, causing
   extra injury to most foes and up to half again as much damage against
   particularly susceptible opponents.
   They can also slow down cold-blooded creatures.
   It renders you almost immune to cold.
   It protects you from negative energy.
   It prevents most forms of teleportation.
   It makes you more stealthy.
 d - the +8 hand crossbow "Ibenevinno" {flame, rElec MP+9 Str-2 Dex+8}
   (You found it on level 9 of the Dungeon)

   It causes projectiles fired from it to burn those they strike, causing extra
   injury to most foes and up to half again as much damage against particularly
   susceptible opponents.
   It affects your strength (-2).
   It affects your dexterity (+8).
   It insulates you from electricity.
   It affects your magic capacity (+9).
 s - the +9 heavy crossbow "Sniper" {velocity, Acc+∞ SInv}
   (You found it on level 6 of the Lair of Beasts)

   Any bolt fired from it inflicts extra damage.
   It lets you see invisible.
 w - a +9 demon trident of freezing
 Z - the +8 halberd of Chance (weapon) {protect, rF+ rN+++ Str+6 Int-5}
   (You found it on level 5 of the Pits of Slime)

   It protects the one who uses it against injury (+AC on strike).
   It affects your strength (+6).
   It affects your intelligence (-5).
   It protects you from fire.
   It renders you almost immune to negative energy.
Missiles
 K - 1824 bolts
 L - 1779 arrows
Armour
 j - a +2 pair of gloves of archery (worn)
 p - the +3 crown of Dyrovepreva (worn) {rElec Int+2 SInv}
   (You found it on level 8 of the Dungeon)

   It affects your intelligence (+2).
   It insulates you from electricity.
   It lets you see invisible.
 y - a scarf of cloud immunity (worn)
 H - the +13 crystal plate armour of Paranoia (worn) {rC+ rCorr}
   (Okawaru gifted it to you on level 5 of the Lair of Beasts)

   It protects you from cold.
   It protects you from acid and corrosion.
 Q - a +4 centaur barding of flying
 V - a +4 centaur barding of fire resistance (worn)
Jewellery
 e - the ring "Mobix" {rPois rC+ Int+3 Stlth-}
   (You bought it in a shop on level 2 of the Elven Halls)

   [ring of loudness]

   It affects your intelligence (+3).
   It protects you from cold.
   It protects you from poison.
   It makes you less stealthy.
 i - the ring "Ranaumuq" (right hand) {rF+ MR+ SInv}
   (You bought it in a shop on level 2 of the Elven Halls)

   [ring of see invisible]

   It protects you from fire.
   It affects your resistance to hostile enchantments.
   It lets you see invisible.
 l - the ring "Tankiv" {+Blink +Inv rF+ Dex-2 Slay+5}
   (You found it on level 5 of the Pits of Slime)

   [ring of protection from fire]

   It affects your dexterity (-2).
   It affects your accuracy and damage with ranged weapons and melee attacks
   (+5).
   It protects you from fire.
   It lets you turn invisible.
   It lets you blink.
 q - the ring of the Mage (left hand) {Wiz MR++ Int+3}
   (You found it on level 5 of the Pits of Slime)

   [ring of wizardry]

   It improves your spell success rate.
   It affects your intelligence (+3).
   It affects your resistance to hostile enchantments.
 B - the amulet of Vitality (around neck) {Regen+ HP+15}
   (You took it off a deep elf sorcerer on level 3 of the Elven Halls)

   [amulet of regeneration]

   It affects your health (+15).
   It increases your rate of regeneration.
 F - the ring "Hagex" {rF+ Int+2 Dex+4}
   (You took it off a deep elf sorcerer on level 1 of the Elven Halls)

   [ring of protection from fire]

   It affects your intelligence (+2).
   It affects your dexterity (+4).
   It protects you from fire.
Wands
 c - a wand of scattershot (12)
 m - a wand of iceblast (46)
 I - a wand of acid (75)
 X - a wand of digging (60)
 Y - a wand of paralysis (26)
Scrolls
 b - 11 scrolls of fear
 g - 6 scrolls of magic mapping
 h - 9 scrolls of amnesia
 k - 2 scrolls of holy word
 r - 11 scrolls of teleportation
 C - 8 scrolls of immolation
 D - 5 scrolls of blinking
 J - 3 scrolls of summoning
 M - 18 scrolls of remove curse
 N - 11 scrolls of fog
 U - 3 scrolls of silence
Potions
 n - 28 potions of curing
 o - 4 potions of agility
 u - 7 potions of heal wounds
 v - 5 potions of resistance
 x - 3 potions of berserk rage
 z - 5 potions of haste
 A - 2 potions of invisibility
 E - 9 potions of mutation
 G - 8 potions of might
 O - 2 potions of magic
 R - 10 potions of cancellation
 W - 6 potions of brilliance
Books
 S - a manual of Fighting
Miscellaneous
 t - a lamp of fire
 P - a phial of floods
 T - 2 phantom mirrors
Comestibles
 f - 65 rations


   Skills:
 - Level 22.5(21.2) Fighting
 - Level 12.4(11.4) Polearms
 - Level 20.0(18.8) Bows
 - Level 15.7(14.7) Crossbows
 - Level 18.5(17.4) Armour
 + Level 8.6(7.7) Dodging
 - Level 0.4(0.0) Stealth
 - Level 4.0(3.2) Spellcasting
 - Level 10.0(9.0) Hexes
 - Level 12.0(11.0) Translocations
 - Level 8.0(7.1) Invocations
 - Level 6.0(5.1) Evocations


You had 14 spell levels left.
You knew the following spells:

 Your Spells              Type           Power        Failure   Level  Hunger
a - Apportation           Tloc           ####..       1%          1    #......
b - Blink                 Tloc           N/A          3%          2    ###....
c - Portal Projectile     Hex/Tloc       ###...       9%          3    ###....
d - Regeneration          Chrm/Necr      #.........   99%         3    ###....
e - Controlled Blink      Tloc           N/A          100%        8    #######


Dungeon Overview and Level Annotations

Branches:
Dungeon (15/15)            Temple (1/1) D:6            Lair (6/6) D:10
 Shoals (4/4) Lair:4       Spider (4/4) Lair:2        Slime (5/5) Lair:5
    Orc (2/2) D:9             Elf (3/3) Orc:2        Vaults (5/5) D:14
  Crypt (0/3) Vaults:3     Depths (5/5) D:15            Zot (0/5) Depths:5

Altars:
Ashenzari
Cheibriados
Dithmenos
Elyvilon
Fedhas
Hepliaklqana
Kikubaaqudgha
Makhleb
Nemelex Xobeh
Okawaru
Sif Muna
Uskayaw
Vehumet
Xom
Yredelemnul
The Shining One
Beogh

Shops:
D:9 (   D:12 !   D:15 !   Orc:2 ?::(   Elf:1 %   Elf:2 }=}   Vaults:2 }:![
Vaults:3 (:!(   Depths:4 !!([

Portals:
Hell: Depths:1 Depths:2 Depths:3 Depths:4 Depths:5
Abyss: Depths:2 Depths:4
Pandemonium: Depths:1 Depths:3 Depths:5
Ziggurat: Depths:4


Innate Abilities, Weirdness & Mutations

You have hooves in place of feet.
Armour fits poorly on your strangely shaped body.
You cover ground very quickly.
You have extremely tough skin. (AC +3)
You tend to lose your temper in combat.
You are somewhat resistant to further mutation.


Message History

The Ice Fiend claws you.
* * * LOW HITPOINT WARNING * * *
The Ice Fiend freezes you!! You resist.
* * * LOW HITPOINT WARNING * * *
The Ice Fiend claws you but does no damage.
You feel much better.
The ufetubus hits you but does no damage.
The ufetubus closely misses you.
The purple ugly thing stings you but does no damage.
The yaktaur captain shoots a bolt.
The bolt hits you!!
* * * LOW HITPOINT WARNING * * *
The ufetubus hits you but does no damage. x3
The ufetubus barely misses you. The Ice Fiend claws you.
* * * LOW HITPOINT WARNING * * *
The Ice Fiend freezes you! You resist.
* * * LOW HITPOINT WARNING * * *
The Ice Fiend claws you!
* * * LOW HITPOINT WARNING * * *
The Ice Fiend freezes you!! You resist.
You die...

#..... #..u.######
#######
#...u..555##
......
..#....#..## ....#
#u.2##.2.##...#
#5.###35([#..#
#u####c4.((.####..
#5u...####)(....#
##2@5.###|c#)...#
##.1.##(.4# %..#
##.5#!e.(# ?.#
##...§(.# ...
....(...(.... ..
#..#......####....
# #..#....#..
...$# #..#.(.##...
...## #.§#..# #.
(##


You could see a purple very ugly thing, an Ice Fiend, a yaktaur captain, a
lorocyproca (invisible), a purple ugly thing, an ice devil and 5 ufetubi.

Vanquished Creatures
  the Royal Jelly (Slime:5)
  Mennas (Vaults:4)
  An ancient lich (Depths:4)
  A juggernaut (Depths:3)
  Bai Suzhen (Spider:4)
  Saint Roka (Elf:2)
  Xtahua (Vaults:3)
  A caustic shrike (Depths:1)
  A golden dragon (Depths:4)
  Nikola (Shoals:4)
  2 bone dragons (Depths:4)
  Arachne (Spider:2)
  4 liches
  2 tentacled monstrosities (Vaults:5)
  4 deep elf blademasters
  A titan (Vaults:5)
  19 acid blobs (Slime:5)
  A deep elf master archer (Elf:3)
  2 sphinxes
  4 shadow dragons
  A thorn hunter (Abyss:3)
  2 tentacled starspawn
  Gastronok (D:9)
  Agnes (Spider:2)
  Kirke (D:12)
  3 tengu reavers
  Roxanne (Shoals:4)
  A storm dragon (Depths:4)
  7 azure jellies
  Ilsuiw (Shoals:4)
  8 fire giants
  3 frost giants
  5 ghost moths
  Louise (Spider:1)
  12 deep elf sorcerers
  6 deep elf elementalists
  9 vault wardens
  5 emperor scorpions
  Aizul (Elf:2)
  A juggernaut zombie (Depths:2)
  2 spriggan defenders (Depths:4)
  6 ironheart preservers
  3 entropy weavers
  A draconian stormcaller (Depths:5)
  15 very ugly things
  3 war gargoyles
  22 stone giants
  2 black draconians (Depths:5)
  A green draconian (Abyss:2)
  7 deep elf annihilators
  A dire elephant (Lair:6)
  6 deep elf demonologists
  2 purple draconians (Depths:5)
  3 vampire knights
  8 spark wasps
  Azrael (Elf:2)
  A dire elephant (shapeshifter) (Elf:1)
  Snorg (Lair:5)
  2 crystal guardians (Depths:4)
  5 ettins
  6 merfolk impalers
  4 merfolk javelineers (Shoals:4)
  2 fire dragons
  8 death oozes (Slime:5)
  7 deep elf death magi
  21 yaktaur captains
  6 deep elf high priests
  Josephine (Lair:3)
  3 rakshasas
  18 great orbs of eyes
  Harold (Lair:3)
  A hell beast (Depths:1)
  15 vault guards
  4 hydras
  3 spriggan air magi
  Erolcha (D:11)
  10 merfolk avatars
  13 ice dragons
  An alligator snapping turtle (Shoals:3)
  Erica (Orc:2)
  5 merfolk aquamancers
  A catoblepas (Lair:6)
  19 centaur warriors
  16 ogre magi
  40 two-headed ogres
  5 death yaks (Lair:6)
  A titan zombie (Abyss:2)
  A thrashing horror (Abyss:2)
  A two-headed ogre (shapeshifter) (Depths:2)
  6 deep troll earth magi
  11 deep troll shamans
  2 satyrs
  7 tengu warriors
  29 dancing weapons
  A vampire mage (Depths:1)
  34 deep elf knights
  3 spriggan berserkers
  Nergalle (Orc:1)
  2 soul eaters
  16 skeletal warriors
  2 sun demons
  10 iron trolls
  10 hell knights
  18 sea snakes
  A spatial maelstrom (Abyss:2)
  3 flayed ghosts
  2 storm dragon skeletons
  4 unseen horrors
  7 wizards
  7 glowing orange brains
  3 starcursed masses (Abyss:2)
  24 deep trolls
  A torturous demonspawn (Depths:2)
  30 deep elf archers
  16 harpies
  10 orc knights
  35 wolf spiders
  22 orb spiders
  7 necromancers
  11 ironbrand convokers
  A lindwurm (shapeshifter) (Vaults:5)
  A shadow dragon skeleton (Vaults:3)
  2 phantasmal warriors (Vaults:5)
  10 orc sorcerers
  61 ugly things
  86 deep elf magi
  5 oklob plants
  4 shining eyes
  14 cyclopes
  14 manticores
  5 fauns
  4 moths of wrath
  A fire giant skeleton (Vaults:3)
  2 guardian serpents (shapeshifter)
  11 merfolk sirens
  10 elephants
  2 naga magi (D:15)
  5 water nymphs
  8 vault sentinels
  2 black mambas (Lair:3)
  Maurice (D:12)
  5 orange demons
  A black mamba (shapeshifter) (Depths:3)
  A torpor snail (Spider:4)
  4 eyes of devastation
  A smoke demon (Abyss:2)
  4 gargoyles
  A human zombie (Vaults:2)
  2 kobold demonologists
  A yaktaur zombie (Vaults:3)
  2 spriggan zombies (Depths:2)
  9 spiny frogs
  A tormentor (Depths:3)
  42 yaktaurs
  A komodo dragon (shapeshifter) (D:15)
  3 rime drakes
  2 efreet
  3 freezing wraiths
  13 komodo dragons
  A rime drake (shapeshifter) (Elf:1)
  12 demonic crawlers
  An ice devil (Depths:1)
  A hellwing (Abyss:2)
  An ancient zyme (Abyss:2)
  A troll (shapeshifter) (Vaults:3)
  34 jumping spiders
  4 meliai
  10 hornets
  A merfolk (shapeshifter) (Vaults:2)
  21 merfolk
  5 trolls
  2 polar bears (shapeshifter)
  3 polar bears
  73 slime creatures
  3 raiju (Abyss:2)
  2 wind drakes
  3 large abominations
  11 hippogriffs
  A jumping spider (shapeshifter) (Depths:1)
  A dream sheep (shapeshifter) (Vaults:1)
  A hippogriff (shapeshifter) (Vaults:1)
  A raiju (shapeshifter) (Vaults:2)
  15 blink frogs
  A blink frog (shapeshifter) (Depths:1)
  A frost giant simulacrum (Depths:2)
  16 dream sheep
  7 snapping turtles
  2 wyverns
  20 water elementals
  35 redbacks
  A vampire (D:13)
  A shadow (D:15)
  20 tarantellas
  A spriggan skeleton (Depths:2)
  16 air elementals
  A tarantella (shapeshifter) (Vaults:2)
  A ynoxinul (Abyss:2)
  8 fire elementals
  A chaos spawn (Depths:2)
  9 wraiths
  3 basilisks
  24 yaks
  4 hogs (D:12)
  A human (D:9)
  2 golden eyes (shapeshifter)
  5 golden eyes
  3 neqoxecs (Abyss:2)
  3 hungry ghosts
  8 vampire mosquitoes
  9 wargs
  A naga (shapeshifter) (D:14)
  2 acid dragons (Vaults:1)
  A spatial vortex (Abyss:2)
  10 water moccasins
  A floating eye (Depths:2)
  Duvessa (D:4)
  5 hell hounds (Elf:2)
  5 sky beasts
  5 porcupines
  A black bear (shapeshifter) (Depths:1)
  44 orc warriors
  2 ice beasts
  2 black bears (Lair:6)
  14 wolves
  2 phantoms
  An ogre (shapeshifter) (Depths:1)
  An orc zombie (Vaults:2)
  4 small abominations (Abyss:2)
  30 ogres
  13 boggarts
  31 centaurs
  3 eyes of draining (Slime:5)
  6 big kobolds
  16 crocodiles
  15 earth elementals
  21 bullfrogs
  2 bullfrogs (shapeshifter) (Vaults:4)
  A human skeleton (Vaults:2)
  2 gnoll sergeants (D:9)
  A wyvern zombie (D:8)
  3 scorpions
  Dowan (D:4)
  9 killer bees
  An elf simulacrum (Vaults:3)
  5 wights
  3 electric eels
  14 crimson imps
  4 centaur zombies
  2 bullfrog zombies
  2 quasits (D:8)
  7 hounds
  16 orc priests
  9 jellies
  6 centaur skeletons
  A gnoll shaman (D:9)
  Crazy Yiuf (D:7)
  A bullfrog skeleton (D:11)
  An iron imp (Depths:2)
  35 orc wizards
  7 hell rats (Lair:6)
  9 worker ants
  A killer bee zombie (D:10)
  2 hound skeletons
  3 mummies (D:8)
  A worker ant zombie (D:4)
  4 gnolls
  7 adders
  4 shadow imps
  An adder zombie (D:4)
  An adder skeleton (D:4)
  3 worms
  A dart slug (D:2)
  4 leopard geckos
  95 orcs
  5 giant cockroaches
  4 goblins
  6 hobgoblins
  7 iguanas
  4 jackals (D:6)
  A quokka (shapeshifter) (Vaults:3)
  7 quokkas
  3 ball pythons
  4 bats
  3 frilled lizards
  11 kobolds
  4 rats (D:2)
  2 bushes (Lair:6)
  2 fungi
  13 plants
  2 starspawn tentacles
2103 creatures vanquished.

Vanquished Creatures (others)
  A deep elf sorcerer (Elf:2)
  A fire dragon (Depths:4)
  2 spriggan air magi (Depths:4)
  A deep elf knight (Elf:2)
  A deep elf mage (Elf:1)
  3 water elementals (Depths:5)
  An orc (Orc:2)
  A bush (Lair:6)
  11 fungi
  12 plants
  6 starspawn tentacles
  6 tentacles (Shoals:3)
46 creatures vanquished.

Grand Total: 2149 creatures vanquished

Notes
Turn   | Place    | Note
-------+----------+-------------------------------------------
     0 | D:1      | Ezendos the Centaur Hunter began the quest for the Orb.
     0 | D:1      | Reached XP level 1. HP: 17/17 MP: 1/1
   359 | D:1      | Reached XP level 2. HP: 25/25 MP: 2/2
   383 | D:2      | Noticed an ogre
   839 | D:2      | Reached skill level 3 in Fighting
   965 | D:2      | Noticed a scorpion
  1409 | D:2      | Found a snail-covered altar of Cheibriados.
  1413 | D:2      | Reached XP level 3. HP: 31/31 MP: 3/3
  1870 | D:3      | Found a basalt altar of Yredelemnul.
  2023 | D:3      | Reached skill level 4 in Fighting
  2096 | D:3      | Found a radiant altar of Vehumet.
  2098 | D:3      | Found a blossoming altar of Fedhas.
  2101 | D:3      | Found a hide-covered altar of Uskayaw.
  2101 | D:3      | Found a shattered altar of Ashenzari.
  2102 | D:3      | Found an ancient bone altar of Kikubaaqudgha.
  2330 | D:3      | Noticed a hungry ghost
  2476 | D:3      | HP: 1/33 [ogre/giant spiked club (32)]
  2827 | D:3      | Reached XP level 4. HP: 37/41 MP: 4/4
  2834 | D:3      | HP: 2/41 [acid (6)]
  2857 | D:3      | Reached skill level 5 in Fighting
  3147 | D:3      | Found a shimmering altar of Xom.
  3348 | D:4      | Identified the Reference Book on Captivating Earth
  3653 | D:4      | Reached XP level 5. HP: 36/48 MP: 5/5
  3935 | D:4      | Reached skill level 6 in Fighting
  4304 | D:4      | Reached XP level 6. HP: 47/58 MP: 6/6
  4569 | D:4      | Reached skill level 7 in Fighting
  4585 | D:4      | Noticed Dowan
  4612 | D:4      | Killed Dowan
  4691 | D:4      | Reached XP level 7. HP: 66/67 MP: 7/7
  4841 | D:4      | Noticed Duvessa
  4897 | D:4      | Killed Duvessa
  4897 | D:4      | Reached skill level 8 in Fighting
  4949 | D:5      | Entered Level 5 of the Dungeon
  5572 | D:5      | Reached skill level 9 in Fighting
  6020 | D:6      | Found a staircase to the Ecumenical Temple.
  6025 | Temple   | Entered the Ecumenical Temple
  6088 | Temple   | Became a worshipper of Warmaster Okawaru
  6162 | D:6      | Reached XP level 8. HP: 71/78 MP: 8/8
  6187 | D:6      | Reached skill level 1 in Armour
  6681 | D:7      | Reached * piety under Okawaru
  6955 | D:7      | Found a runed door.
  6960 | D:7      | Noticed Crazy Yiuf
  6977 | D:7      | Killed Crazy Yiuf
  7155 | D:7      | Noticed a hippogriff
  7513 | D:7      | Noticed a hippogriff
  7553 | D:7      | Killed a hippogriff
  7553 | D:7      | Reached ** piety under Okawaru
  8042 | D:8      | Found a sand-covered staircase.
  8049 | Ossuary  | Entered an ossuary
  8327 | D:8      | Noticed a two-headed ogre
  8418 | D:8      | Reached XP level 9. HP: 51/84 MP: 9/9
  8740 | D:8      | Killed a two-headed ogre
  8740 | D:8      | Reached *** piety under Okawaru
  8740 | D:8      | Reached skill level 5 in Armour
  9087 | D:8      | Found the +3 crown of Dyrovepreva {rElec Int+2 SInv}
  9089 | D:8      | Found a hazy altar of Hepliaklqana.
  9185 | D:8      | Reached skill level 10 in Bows
  9208 | D:8      | Received a gift from Okawaru
  9544 | D:9      | Found Icsim's Weapon Shoppe.
  9558 | D:9      | Got a fine hand crossbow
  9576 | D:8      | Identified the +8 hand crossbow "Ibenevinno" {flame, rElec MP+9 Str-2 Dex+8} (You found it on level 9 of the Dungeon)
  9716 | D:4      | Found a white marble altar of Elyvilon.
 10164 | D:8      | Reached skill level 1 in Crossbows
 10455 | D:9      | Received a gift from Okawaru
 10480 | D:9      | Reached skill level 10 in Fighting
 10482 | D:9      | Reached XP level 10. HP: 68/93 MP: 10/10
 10613 | D:9      | Reached skill level 1 in Polearms
 10906 | D:9      | Reached **** piety under Okawaru
 10952 | D:9      | Noticed a two-headed ogre
 10989 | D:9      | Killed a two-headed ogre
 10989 | D:9      | Received a gift from Okawaru
 11030 | D:9      | Reached skill level 5 in Polearms
 11141 | D:9      | Noticed Gastronok
 11169 | D:9      | Received a gift from Okawaru
 11204 | D:9      | Killed Gastronok
 11352 | D:9      | Received a gift from Okawaru
 11539 | D:9      | Found a shadowy altar of Dithmenos.
 11547 | D:9      | Found a staircase to the Orcish Mines.
 11891 | D:10     | Entered Level 10 of the Dungeon
 11893 | D:10     | Reached XP level 11. HP: 99/99 MP: 11/11
 11958 | D:10     | Found a burning altar of Makhleb.
 12025 | D:10     | Found a staircase to the Lair.
 12187 | D:10     | Received a gift from Okawaru
 12307 | D:10     | Reached ***** piety under Okawaru
 12346 | D:10     | Noticed a two-headed ogre
 12377 | D:10     | Killed a two-headed ogre
 12586 | D:10     | Found a portal to a secret trove of treasure.
 12640 | D:10     | Received a gift from Okawaru
 12882 | Lair:1   | Entered Level 1 of the Lair of Beasts
 13207 | Lair:1   | Received a gift from Okawaru
 13675 | Lair:1   | Reached skill level 1 in Invocations
 14170 | Lair:2   | Reached skill level 5 in Invocations
 14336 | Lair:2   | Found a hole to the Spider Nest.
 14454 | Lair:2   | Reached XP level 12. HP: 108/108 MP: 15/15
 14672 | Lair:2   | Reached skill level 10 in Polearms
 14705 | Lair:2   | Received a gift from Okawaru
 15416 | Lair:2   | Got a dazzling battleaxe
 15418 | Lair:2   | Identified the +7 battleaxe of Yrukeren {venom, MR+} (You found it on level 2 of the Lair of Beasts)
 15608 | Lair:3   | Reached skill level 11 in Fighting
 16361 | Lair:3   | Received a gift from Okawaru
 16847 | Lair:4   | Noticed Harold
 16886 | Lair:3   | Killed Harold
 16886 | Lair:3   | Received a gift from Okawaru
 17095 | Lair:4   | Noticed Josephine
 17139 | Lair:3   | Killed Josephine
 17139 | Lair:3   | Received a gift from Okawaru
 17312 | Lair:4   | Received a gift from Okawaru
 17860 | Lair:4   | Received a gift from Okawaru
 18213 | Lair:4   | Found a staircase to the Shoals.
 18662 | Lair:5   | Got a heavily runed leather armour
 18677 | Lair:4   | Identified the +3 leather armour "Piawe" {+Blink Int+3 Dex-2} (You found it on level 5 of the Lair of Beasts)
 18781 | Lair:5   | Reached ****** piety under Okawaru
 19016 | Lair:5   | Reached XP level 13. HP: 117/117 MP: 19/19
 19311 | Lair:5   | Received a gift from Okawaru
 19323 | Lair:5   | Got a translucent crystal plate armour {god gift}
 19334 | Lair:5   | Identified the +13 crystal plate armour of Paranoia {rC+ rCorr} (Okawaru gifted it to you on level 5 of the Lair of Beasts)
 19532 | Lair:5   | Found a staircase to the Slime Pits.
 19698 | Lair:6   | Entered Level 6 of the Lair of Beasts
 20257 | Lair:6   | Noticed Snorg
 20498 | Lair:5   | Killed Snorg
 22234 | Lair:6   | Reached skill level 10 in Armour
 22478 | Lair:6   | Noticed a dire elephant
 22557 | Lair:6   | Received a gift from Okawaru
 22756 | Lair:6   | Killed a dire elephant
 22845 | Lair:6   | Found the +9 heavy crossbow "Sniper" {velocity, Acc+∞ SInv}
 23442 | D:11     | Noticed Erolcha
 23462 | D:11     | Killed Erolcha
 23780 | D:12     | Found a flagged portal.
 23797 | Bailey   | Entered a bailey
 24311 | Bailey   | Reached XP level 14. HP: 108/125 MP: 20/20
 24624 | D:12     | Identified a scroll of acquirement
 24678 | D:12     | Got a wavering copper ring
 24681 | D:12     | Identified the ring of Imukhlow {MP+9 Str+3} (You acquired it on level 12 of the Dungeon)
 24703 | D:12     | Reached skill level 12 in Fighting
 24900 | D:12     | Found Inenwuecs's Distillery.
 24938 | D:12     | Noticed Kirke
 24989 | D:12     | Killed Kirke
 24989 | D:12     | Reached skill level 5 in Crossbows
 25041 | D:12     | Bought 2 potions of curing for 90 gold pieces
 25041 | D:12     | Bought a potion of heal wounds for 75 gold pieces
 25041 | D:12     | Bought a potion of haste for 150 gold pieces
 25163 | D:12     | Noticed Maurice
 25165 | D:12     | Killed Maurice
 26221 | D:12     | Received a gift from Okawaru
 26304 | D:13     | Received a gift from Okawaru
 26308 | D:13     | Got a bone longbow {god gift}
 26312 | D:13     | Identified the +8 longbow of the End of Times {freeze, -Tele rC+++ rN+ Stlth+} (Okawaru gifted it to you on level 13 of the Dungeon)
 26431 | D:13     | Reached skill level 13 in Fighting
 27077 | D:13     | Received a gift from Okawaru
 27243 | D:13     | Learned a level 1 spell: Apportation
 27247 | D:13     | Learned a level 3 spell: Regeneration
 27266 | D:13     | Upgraded the game from 0.22-a0-15-g4f60a598d5 to 0.22-a0-32-ga749362bc3
 27452 | D:14     | Received a gift from Okawaru
 27459 | D:14     | Reached skill level 14 in Fighting
 27559 | D:14     | Received a gift from Okawaru
 27639 | D:14     | Received a gift from Okawaru
 27988 | D:14     | Paralysed by an ogre mage for 5 turns
 28021 | D:14     | Found a gate to the Vaults.
 28227 | D:14     | Reached XP level 15. HP: 136/139 MP: 21/21
 28286 | D:14     | Reached skill level 15 in Fighting
 28771 | D:14     | Received a gift from Okawaru
 28774 | D:14     | Got a brightly glowing crystal plate armour {god gift}
 28785 | D:14     | Identified the +8 crystal plate armour of the Marlin {rElec rPois Dex-5 Stlth+} (Okawaru gifted it to you on level 14 of the Dungeon)
 29183 | D:15     | Entered Level 15 of the Dungeon
 29183 | D:15     | Found Ewkibij's Distillery.
 29191 | D:15     | Bought a potion of mutation for 88 gold pieces
 29191 | D:15     | Bought a potion of heal wounds for 55 gold pieces
 29191 | D:15     | Bought a potion of heal wounds for 55 gold pieces
 29723 | D:15     | Reached skill level 16 in Fighting
 30723 | D:15     | Found a staircase to the Depths.
 30819 | D:15     | Paralysed by an ogre mage for 4 turns
 30959 | D:15     | Found a blossoming altar of Fedhas.
 31125 | Orc:1    | Entered Level 1 of the Orcish Mines
 31161 | D:9      | Received a gift from Okawaru
 31302 | Orc:2    | Entered Level 2 of the Orcish Mines
 31319 | Orc:1    | Upgraded the game from 0.22-a0-32-ga749362bc3 to 0.22-a0-38-gc6ec8ce517
 31563 | Orc:2    | Found a staircase to the Elven Halls.
 31644 | Orc:2    | Received a gift from Okawaru
 31684 | Orc:2    | Reached skill level 17 in Fighting
 32109 | Orc:2    | Paralysed by an orc sorcerer for 2 turns
 32220 | Orc:2    | Found Gysuw's Magic Scroll Boutique.
 32256 | Orc:2    | Bought a scroll of teleportation for 48 gold pieces
 32256 | Orc:2    | Bought a scroll of teleportation for 48 gold pieces
 32256 | Orc:2    | Bought a scroll of enchant weapon for 120 gold pieces
 32274 | Orc:2    | Found a radiant altar of Vehumet.
 32294 | Orc:2    | Found Cuopliwk's Book Shop.
 32334 | Orc:2    | Found an ancient bone altar of Kikubaaqudgha.
 32381 | Orc:2    | Found a roughly hewn altar of Beogh.
 32381 | Orc:2    | Found Viesm's Book Shop.
 32416 | Orc:2    | Reached skill level 15 in Armour
 32518 | Orc:2    | Found Gycsorai's Antique Weapon Boutique.
 32553 | Orc:2    | Bought a transparent spear for 152 gold pieces
 32553 | Orc:2    | Identified the +5 spear of Big Damage {pierce, *Slow +Rage rN+ Int+3} (You bought it in a shop on level 2 of the Orcish Mines)
 32892 | Orc:1    | Noticed Nergalle
 32929 | Orc:1    | Noticed Erica
 32957 | Orc:2    | Killed Erica
 32957 | Orc:2    | Reached XP level 16. HP: 122/155 MP: 22/22
 33096 | Orc:1    | Found a roughly hewn altar of Beogh.
 33220 | Orc:1    | Killed Nergalle
 33680 | Spider:1 | Entered Level 1 of the Spider Nest
 34012 | Spider:1 | Received a gift from Okawaru
 34273 | Spider:1 | Noticed Louise
 34303 | Spider:1 | Killed Louise
 35277 | Spider:2 | Noticed Arachne
 35404 | Shoals:1 | Entered Level 1 of the Shoals
 35542 | Spider:2 | Received a gift from Okawaru
 35735 | Spider:2 | Noticed Agnes
 35774 | Spider:2 | Killed Agnes
 36227 | Spider:2 | Received a gift from Okawaru
 36510 | Spider:2 | Killed Arachne
 36951 | Spider:2 | Received a gift from Okawaru
 37482 | Spider:3 | Received a gift from Okawaru
 38119 | Spider:3 | Reached skill level 15 in Bows
 38163 | Spider:3 | Received a gift from Okawaru
 38801 | Spider:4 | Entered Level 4 of the Spider Nest
 38837 | Spider:4 | Received a gift from Okawaru
 38848 | Spider:4 | Identified the cursed +0 spear "Byuc Ege" {drain, Int+2 Stlth+} (You found it on level 4 of the Spider Nest)
 39119 | Spider:4 | Noticed Bai Suzhen
 39502 | Shoals:1 | Reached XP level 17. HP: 153/162 MP: 23/23
 41098 | Shoals:3 | Identified the Grimoire of Darkness
 41437 | Shoals:3 | Received a gift from Okawaru
 41545 | Shoals:3 | Received a gift from Okawaru
 42495 | Shoals:3 | Noticed a kraken
 42676 | Shoals:4 | Entered Level 4 of the Shoals
 42676 | Shoals:4 | Noticed Nikola
 42676 | Shoals:4 | Noticed Roxanne
 43004 | Elf:1    | Entered Level 1 of the Elven Halls
 43031 | Elf:1    | Reached skill level 1 in Evocations
 43819 | Elf:1    | Received a gift from Okawaru
 44056 | Elf:1    | Got a flickering turquoise ring
 44162 | Elf:1    | Received a gift from Okawaru
 44175 | Elf:1    | Got a translucent ring mail
 44186 | Elf:1    | Identified the +5 ring mail of Impressiveness {Str+4 Int+4 Stlth+} (You found it on level 1 of the Elven Halls)
 44211 | Elf:1    | Identified the ring "Hagex" {rF+ Int+2 Dex+4} (You took it off a deep elf sorcerer on level 1 of the Elven Halls)
 44301 | Elf:1    | Reached XP level 18. HP: 169/170 MP: 24/24
 44491 | Elf:1    | Got a warped brass ring
 44570 | Elf:1    | Found Benatir's Food Boutique.
 44807 | Elf:1    | Identified the ring of Compulsion {rN+ Dex+3} (You took it off a deep elf archer on level 1 of the Elven Halls)
 45091 | Orc:2    | Bought a book of Debilitation for 600 gold pieces
 45091 | Orc:2    | Bought a book of Minor Magic for 300 gold pieces
 45249 | Lair:1   | Learned a level 3 spell: Portal Projectile
 45252 | Lair:1   | Learned a level 2 spell: Blink
 45464 | Spider:4 | Reached skill level 1 in Translocations
 45522 | Spider:4 | Reached skill level 1 in Hexes
 45736 | Spider:4 | Reached skill level 1 in Spellcasting
 45969 | Spider:4 | Killed Bai Suzhen
 45969 | Spider:4 | Received a gift from Okawaru
 47015 | Spider:4 | Reached skill level 5 in Translocations
 47271 | Spider:4 | Paralysed by a hornet for 3 turns
 47496 | Spider:4 | Got a gossamer rune of Zot
 48070 | Shoals:4 | Reached skill level 10 in Crossbows
 48403 | Shoals:4 | Received a gift from Okawaru
 48482 | Shoals:4 | Reached skill level 5 in Evocations
 48602 | Shoals:4 | Killed Roxanne
 48696 | Shoals:4 | Killed Nikola
 48783 | Shoals:4 | Noticed Ilsuiw
 49218 | Shoals:4 | Reached skill level 18 in Fighting
 49348 | Shoals:4 | Killed Ilsuiw
 49379 | Shoals:4 | Reached XP level 19. HP: 179/179 MP: 25/25
 49813 | Shoals:4 | Found the cursed +14 obsidian axe {chop, +Fly SInv *Curse}
 50022 | Shoals:4 | Got a barnacled rune of Zot
 50378 | Elf:2    | Reached skill level 5 in Dodging
 50423 | Elf:2    | Received a gift from Okawaru
 50449 | Elf:2    | Gained mutation: You tend to lose your temper in combat. [a neqoxec]
 50635 | Elf:2    | Found Feraf's Gadget Shop.
 50637 | Elf:2    | Found Qoyf's Jewellery Emporium.
 50638 | Elf:2    | Found Wageajo's Gadget Shop.
 50653 | Elf:2    | Bought the ring "Mobix" {rPois rC+ Int+3 Stlth-} for 512 gold pieces
 51048 | Elf:2    | Found a large runed door.
 51048 | Elf:2    | Found a large runed door.
 51076 | Elf:2    | Found a large runed door.
 51076 | Elf:2    | Found a large runed door.
 51163 | Elf:2    | Noticed Aizul
 51176 | Elf:2    | Killed Aizul
 51613 | Elf:2    | Noticed Saint Roka
 51858 | Elf:2    | Killed Saint Roka
 52167 | Elf:2    | Cast into level 2 of the Abyss (hand axe of distortion)
 52213 | Elf:2    | Escaped the Abyss
 52328 | Elf:2    | Noticed Azrael
 52353 | Elf:2    | Killed Azrael
 52732 | Elf:2    | Upgraded the game from 0.22-a0-38-gc6ec8ce517 to 0.22-a0-40-g3d2f077def
 52960 | Vaults:1 | Entered Level 1 of the Vaults
 53010 | Vaults:1 | Upgraded the game from 0.22-a0-40-g3d2f077def to 0.22-a0-48-g87706774e6
 53102 | Vaults:1 | Received a gift from Okawaru
 54269 | Vaults:1 | Reached XP level 20. HP: 182/189 MP: 26/26
 54472 | Vaults:1 | Learned a level 8 spell: Controlled Blink
 55198 | Vaults:2 | Found Buor's Book Shoppe.
 55311 | Vaults:2 | Found Usoud's Gadget Boutique.
 55319 | Vaults:2 | Bought a phantom mirror for 360 gold pieces
 55433 | Vaults:2 | Reached skill level 19 in Fighting
 55626 | Vaults:2 | Received a gift from Okawaru
 56610 | Vaults:2 | Found Dafen's Distillery.
 56610 | Vaults:2 | Found Sast's Antique Armour Shop.
 56614 | Vaults:2 | Bought a potion of mutation for 136 gold pieces
 56614 | Vaults:2 | Bought a potion of heal wounds for 85 gold pieces
 56614 | Vaults:2 | Bought a potion of curing for 51 gold pieces
 56614 | Vaults:2 | Bought a potion of cancellation for 136 gold pieces
 56745 | Vaults:2 | Got a dazzling arbalest
 56785 | Vaults:2 | Identified the cursed +0 arbalest of the Hawk {freeze, rPois} (You found it on level 2 of the Vaults)
 57254 | Vaults:3 | Found a staircase to the Crypt.
 57586 | Vaults:3 | Found Gyx Yss's Weapon Boutique.
 57978 | Vaults:3 | Received a gift from Okawaru
 58211 | Vaults:3 | Paralysed by a lich for 6 turns
 58426 | Vaults:3 | Found Haoffes's Book Emporium.
 58569 | Vaults:3 | Found Hoakkaing's Distillery.
 58590 | Vaults:3 | Bought a potion of curing for 54 gold pieces
 58590 | Vaults:3 | Bought a potion of resistance for 180 gold pieces
 58590 | Vaults:3 | Bought a potion of haste for 180 gold pieces
 58590 | Vaults:3 | Bought a potion of heal wounds for 90 gold pieces
 58683 | Vaults:3 | Noticed Xtahua
 58699 | Vaults:3 | Killed Xtahua
 58876 | Vaults:3 | Reached XP level 21. HP: 200/200 MP: 27/27
 58962 | Vaults:3 | Found Bumyetott's Weapon Shop.
 59891 | Vaults:4 | Noticed Mennas
 59941 | Vaults:4 | Received a gift from Okawaru
 60849 | Vaults:4 | Killed Mennas
 60968 | Vaults:4 | Reached skill level 20 in Fighting
 61623 | Vaults:4 | Reached skill level 10 in Translocations
 61796 | Vaults:4 | Reached skill level 15 in Crossbows
 62020 | Vaults:5 | Entered Level 5 of the Vaults
 62302 | Elf:3    | Entered Level 3 of the Elven Halls
 62344 | Elf:3    | Found a deep blue altar of Sif Muna.
 62785 | Elf:3    | Received a gift from Okawaru
 63327 | Elf:3    | Cast into level 2 of the Abyss (a ghostly deep elf demonologist)
 63356 | Abyss:2  | Found a corrupted altar of Lugonu.
 63552 | Elf:3    | Escaped the Abyss
 63797 | Depths:1 | Entered Level 1 of the Depths
 63797 | Depths:1 | Found a one-way gate leading to the halls of Pandemonium.
 64349 | Depths:1 | Found a gateway to Hell.
 65382 | Depths:1 | Received a gift from Okawaru
 65454 | Depths:2 | Reached XP level 22. HP: 203/210 MP: 28/28
 65471 | Depths:1 | Paralysed by a great orb of eyes for 2 turns
 65503 | Depths:1 | Paralysed by a vampire knight for 4 turns
 65776 | Depths:2 | Received a gift from Okawaru
 66914 | Depths:2 | Found a one-way gate to the infinite horrors of the Abyss.
 67649 | Depths:3 | Noticed a juggernaut
 68048 | Depths:3 | Noticed a caustic shrike
 68145 | Depths:1 | Killed a caustic shrike
 68647 | Depths:3 | Killed a juggernaut
 68647 | Depths:3 | Received a gift from Okawaru
 68651 | Depths:3 | Got a slimy longbow {god gift}
 68720 | Depths:2 | Identified the +5 longbow of the Dwarven Hall {venom, Int+3} (Okawaru gifted it to you on level 3 of the Depths)
 69128 | Depths:3 | Received a gift from Okawaru
 69919 | Depths:4 | Found Ruamiock's Distillery.
 69923 | Depths:4 | Noticed a golden dragon
 69926 | Depths:4 | Found a gateway to a ziggurat.
 70365 | Depths:4 | Cast into level 2 of the Abyss (a deep elf sorcerer)
 70396 | Abyss:2  | Found a corrupted altar of Lugonu.
 70455 | Abyss:2  | Received a gift from Okawaru
 70813 | Abyss:2  | Reached XP level 23. HP: 217/217 MP: 29/29
 70815 | Abyss:2  | Paralysed by accursed screaming for 2 turns
 70877 | Abyss:2  | Found a bloodstained altar of Trog.
 71024 | Abyss:3  | Got an abyssal rune of Zot
 71174 | Depths:4 | Escaped the Abyss
 71336 | Depths:4 | Noticed an ancient lich
 71361 | Depths:4 | Killed an ancient lich
 71389 | Depths:4 | Reached skill level 21 in Fighting
 71717 | Depths:4 | Received a gift from Okawaru
 71829 | Depths:3 | Received a gift from Okawaru
 72080 | Depths:4 | Found Ceblu's Armour Boutique.
 72255 | Depths:4 | Found Onyd's Antique Weapon Boutique.
 72255 | Depths:4 | Found Hoaf's Distillery.
 72287 | Depths:4 | Received a gift from Okawaru
 72409 | Depths:4 | Bought a potion of heal wounds for 90 gold pieces
 72409 | Depths:4 | Bought a potion of haste for 180 gold pieces
 72409 | Depths:4 | Bought a potion of heal wounds for 90 gold pieces
 72409 | Depths:4 | Bought a potion of curing for 54 gold pieces
 72409 | Depths:4 | Bought a potion of curing for 54 gold pieces
 72415 | Depths:4 | Bought a potion of heal wounds for 90 gold pieces
 72415 | Depths:4 | Bought a potion of curing for 54 gold pieces
 72415 | Depths:4 | Bought a potion of curing for 54 gold pieces
 72415 | Depths:4 | Bought a potion of curing for 54 gold pieces
 72415 | Depths:4 | Bought a potion of curing for 54 gold pieces
 72848 | Depths:5 | Entered Level 5 of the Depths
 73693 | Depths:5 | Reached skill level 22 in Fighting
 73694 | Depths:5 | Found a gate to the Realm of Zot.
 74475 | Elf:3    | Received a gift from Okawaru
 74550 | Elf:3    | Cast into level 3 of the Abyss (a deep elf sorcerer)
 74609 | Elf:3    | Escaped the Abyss
 74687 | Elf:2    | Bought the ring "Ranaumuq" {rF+ MR+ SInv} for 553 gold pieces
 75199 | Elf:3    | Reached XP level 24. HP: 227/233 MP: 29/29
 75352 | Elf:3    | Received a gift from Okawaru
 75453 | Elf:3    | Reached skill level 5 in Hexes
 75470 | Elf:3    | Identified the Collected Works on Earth and Displacement
 75589 | Elf:3    | Identified Eshras's Papyrus of the Lucky Volcanoes
 77863 | D:10     | You showed the abyssal rune of Zot to enter a treasure trove
 77864 | Trove    | Entered a treasure trove
 77868 | Trove    | Found the +3 warlock's mirror {reflect}
 77912 | Trove    | Got a warped centaur barding
 77935 | Trove    | Identified the +0 centaur barding of Gluttony {Stlth+} (You found it in a treasure trove)
 77979 | Trove    | Got an ancient centaur barding
 77992 | Trove    | Identified the +3 centaur barding of the Rabble {Slay+2} (You found it in a treasure trove)
 78092 | Lair:1   | Upgraded the game from 0.22-a0-48-g87706774e6 to 0.22-a0-49-g614aadd271
 78222 | Slime:1  | Entered Level 1 of the Pits of Slime
 78269 | Slime:1  | Upgraded the game from 0.22-a0-49-g614aadd271 to 0.22-a0-51-g1bb26a1297
 78310 | Slime:2  | Gained mutation: You are somewhat resistant to further mutation. [a shining eye]
 78611 | Slime:5  | Entered Level 5 of the Pits of Slime
 78666 | Slime:5  | Found the ring of the Mage {Wiz MR++ Int+3}
 78675 | Slime:5  | Noticed the Royal Jelly
 78693 | Slime:5  | Killed the Royal Jelly
 78828 | Slime:4  | Received a gift from Okawaru
 79399 | Slime:5  | Found the +8 frozen axe "Frostbite" {freezing cloud, *Noise +Fly rC+}
 79453 | Slime:5  | Got a transparent ivory ring
 79455 | Slime:5  | Identified the ring "Tankiv" {+Blink +Inv rF+ Dex-2 Slay+5} (You found it on level 5 of the Pits of Slime)
 79470 | Slime:5  | Got a slimy rune of Zot
 79525 | Slime:5  | Got an encrusted halberd
 79606 | Slime:5  | Got a faintly glowing pewter amulet
 79617 | Slime:5  | Identified the amulet "Evawnemu" {Inacc MR+} (You found it on level 5 of the Pits of Slime)
 80174 | Vaults:4 | Identified the +8 halberd of Chance {protect, rF+ rN+++ Str+6 Int-5} (You found it on level 5 of the Pits of Slime)
 80252 | Vaults:5 | Reached skill level 10 in Hexes
 80377 | Vaults:5 | Received a gift from Okawaru
 80479 | Vaults:5 | HP: 5/248 [Ice Fiend[a deep elf demonologist] (10)]
 80479 | Vaults:5 | Demolished by an Ice Fiend

Vault maps used:
D:1:      mrwooster_arrival_statue_2
D:2:      kennysheep_slug_shrine, minmay_item_behind_shaft, hex_intersection
D:3:      grunt_temple_overflow_open, lemuel_round_altar, dk_xom_monty_hall
D:4:      nicolae_overflow_hidden_temple, first_ration, uniq_duvessa
D:6:      minmay_temple_entry_crystal_x
D:7:      minmay_holes, minivault_14, uniq_crazy_yiuf_cottage
D:8:      old_standard_altar, chequers_ossuary_entry_cave
D:9:      kennysheep_orc_monster_closet_entryway, serial_shops, shop_fountains,
          grunt_pizzeria, grunt_dithmenos_smoke, uniq_gastronok
D:10:     lair_entry_dummy, nicolae_trove_entry_crystal, basic_altar,
          minmay_misc_feat_pillars
D:11:     uniq_erolcha
D:12:     enter_bailey_2, serial_shops, shop, uniq_maurice, uniq_kirke
D:14:     lightli_vaults_fourway_checkpoint, serial_park_tiny_2
D:15:     grunt_enter_depths_magical_seal, serial_shops, nicolae_shop_crystal,
          fedhas_altar_fruit_tree
Temple:   nicolae_temple_figure_eight
Lair:1:   beast_lair_carwin_4, grunt_megastairs_3
Lair:2:   spider_nest_entry_web_field
Lair:3:   serial_bayou_shore_a, minmay_lair_oklob_chamber,
          infiniplex_staircase_pool, lemuel_fruit_tree
Lair:4:   minmay_shoals_entry_centaurs, lightli_volcano_entry_magma_tube,
          uniq_josephine, uniq_harold
Lair:5:   minmay_slime_entry_pillars, bh_chokoban, lemuel_another_geyser
Lair:6:   grunt_lair_end_beastmaster, st_stairs_8, minmay_lair_oklob_bushes,
          grunt_megastairs_2, uniq_snorg
Shoals:3: cheibrodos_shoals_roost
Shoals:4: shoals_end_grunt_ice, shoal_ilsuiw, hangedman_shoals_cup_caves,
          uniq_nikola, uniq_roxanne
Spider:1: uniq_louise
Spider:2: einodemon_crawler_minivault, uniq_agnes, uniq_arachne
Spider:4: spider_rune_water, uniq_bai_suzhen
Slime:1:  cheibrodos_slime_lost_civilization_6
Slime:2:  cheibrodos_slime_lost_civilization_1
Orc:1:    mines2_david, uniq_nergalle, uniq_erica
Orc:2:    kennysheep_orc_mage_school, elves_outpost_lemuel
Elf:1:    minmay_the_grid_octo_tiled_squarecenter, serial_shops, shop,
          minivault_28, minivault_26, nrook_mini_backslash,
          basic_loot_grate_trap
Elf:2:    minmay_shop_grove, uniq_saint_roka, uniq_aizul, uniq_azrael
Elf:3:    minmay_elf_hall_quartered_circle, serial_glass, glass_columns_a,
          glass_columns_a, basic_altar
Vaults:1: v_misc_30, hangedman_vaults_corner, hangedman_vaults_restitches,
          nicolae_vaults_hallways_thing, nicolae_vaults_rhombus_7,
          v_alt_pattern_2, vaults_room_door_ring, hangedman_vaults_cutoff,
          ontoclasm_vaults_misaligned, ontoclasm_vaults_twist,
          dpeg_vaults_monster_row, vaults_room_grid, vaults_dpeg_cross
Vaults:2: nicolae_vaults_inception_corners, vaults_mumra_minichess, v_misc_3,
          nicolae_vaults_big_ls, v_misc_25, v_misc_8, vaults_room_corners,
          ontoclasm_vaults_claustrophobia, nicolae_vaults_yaktaur_gun_rack,
          vaults_dpeg_ring, serial_shops, shop, shop, shop, shop
Vaults:3: nicolae_vaults_circle_grid_a, v_rooms_5,
          minmay_crypt_entry_simple_sparse, ontoclasm_vaults_hangar, v_misc_27,
          nicolae_vaults_ring_of_whatevers, vaults_room_hangedman_quadrants,
          hangedman_vaults_cutoff, nicolae_vaults_network_s,
          nicolae_vaults_network_square, nicolae_vaults_little_squares_5,
          vaults_dpeg_encased_lava, v_rooms_2, serial_shops, shop,
          nicolae_shop_temple_entry_statues_fountains, shop,
          nicolae_shop_behind_doors, uniq_xtahua
Vaults:4: ontoclasm_vaults_loading_screen, vaults_room_boxed,
          hangedman_vaults_slice, vaults_mumra_minichess_inversion,
          nicolae_vaults_network_quinsquares, hangedman_vaults_nails, v_misc_9,
          ontoclasm_vaults_fault, v_misc_14, v_misc_23, st_star,
          ontoclasm_vaults_ring_small, vaults_room_door_ring,
          ontoclasm_vaults_pinch, uniq_mennas
Depths:1: pan_entry, grunt_mini_vestibule, minmay_misc_feat_cross,
          hangedman_stitches_earthworm
Depths:2: hangedman_cross_stitches, kennysheep_cluttered_room,
          nicolae_abyss_entry_one_way_or_another, grunt_hell_entry_dis_grunt,
          due_unseen_surprise
Depths:3: minmay_bloctagon, hell_entry, rand_demon_pan_entry_8,
          minmay_misc_feat_plants, minmay_staircase_windowed_large
Depths:4: constructs_gauntlet_mu_hangedman, enter_ziggurat_f,
          pf_dread_powers_of_hell, abyss_entry_small_statue_room,
          kennysheep_pointless_box, minmay_shoptagon, firewood_loft
Depths:5: evilmike_zot_entry_basic, grunt_pan_entry_in_and_out, hell_entry,
          kennysheep_doodads, minivault_14, kennysheep_underground_church
Abyss:2:  abyss_furniture_001
Abyss:3:  grunt_abyss_rune_forest_and_sorcery, small_statue_intersection,
          evilmike_abyss_exit_4, evilmike_abyss_exit_vortex
Trove:    trove_armour_2
Ossuary:  ossuary_the_hunt_dpeg
Bailey:   bailey_polearm_2, bailey

Skill      XL: |  1  2  3  4  5  6  7  8  9 10 11 12 13 14 15 16 17 18 19 20 21 22 23 24 |
---------------+-------------------------------------------------------------------------+-----
Fighting       | 3 4 5 6 7 9 10 11 14 17 18 19 20 22 | 22.5
Armour         | 4 5 6 7 10 12 15 16 17 18 | 18.5
Bows           | 8 10 12 16 20 | 20.0
Dodging        | 2 3 4 5 8 |  8.6
Crossbows      | 2 3 4 6 8 9 10 12 15 | 15.7
Polearms       | 8 9 10 12 | 12.4
Invocations    | 5 8 |  8.0
Evocations     | 4 5 6 |  6.0
Translocations | 6 9 10 12 | 12.0
Hexes          | 3 4 10 | 10.0
Spellcasting   | 4 |  4.0
Stealth        | |  0.4

Action                   |  1- 3 |  4- 6 |  7- 9 | 10-12 | 13-15 | 16-18 | 19-21 | 22-24 || total
-------------------------+-------+-------+-------+-------+-------+-------+-------+-------++-------
Melee: Short sword       |    77 |       |       |       |       |       |       |       ||    77
       Kick              |    21 |    20 |    96 |   164 |   312 |   380 |   242 |   245 ||  1480
       Hand axe          |     8 |     9 |     9 |       |       |       |       |       ||    26
       Dagger            |       |    54 |   186 |       |       |       |       |       ||   240
       Quarterstaff      |       |       |   140 |    70 |    39 |    10 |       |       ||   259
       Glaive            |       |       |     2 |       |       |       |       |       ||     2
       Spear             |       |       |       |   800 |   905 |   513 |       |       ||  2218
       Battleaxe         |       |       |       |    13 |   106 |   153 |       |       ||   272
       Trident           |       |       |       |       |       |   395 |    21 |       ||   416
       Punch             |       |       |       |       |       |     1 |       |       ||     1
       Demon trident     |       |       |       |       |       |       |   666 |   501 ||  1167
       Longbow           |       |       |       |       |       |       |     1 |       ||     1
       Halberd           |       |       |       |       |       |       |       |    91 ||    91
 Fire: Shortbow          |    21 |    66 |    90 |    18 |   180 |       |       |       ||   375
       Hand crossbow     |       |       |    19 |   160 |   201 |     7 |    25 |    11 ||   423
       Heavy crossbow    |       |       |       |       |   139 |    49 |    81 |    22 ||   291
       Longbow           |       |       |       |       |   385 |  1018 |  1475 |  1646 ||  4524
 Cast: Blink             |       |       |       |       |       |       |     1 |    45 ||    46
       Apportation       |       |       |       |       |       |       |       |    76 ||    76
Invok: Heroism           |       |       |       |       |     3 |     3 |     2 |     6 ||    14
       Finesse           |       |       |       |       |       |     1 |       |     4 ||     5
Evoke: Wand              |       |       |       |       |     1 |     1 |       |     1 ||     3
       Lamp of fire      |       |       |       |       |       |     1 |       |       ||     1
  Use: Scroll            |     8 |     1 |     4 |    11 |     7 |    18 |    15 |    31 ||    95
       Potion            |       |       |       |     1 |       |     2 |     1 |    20 ||    24
 Stab: Paralysed         |       |       |     2 |       |     2 |       |       |       ||     4
       Held in net/web   |       |       |       |     1 |       |       |       |       ||     1
       Invisible         |       |       |       |       |       |       |       |     1 ||     1
  Eat: Chunk             |     3 |     3 |    17 |    19 |    32 |    24 |    36 |    17 ||   151
       Ration            |       |     1 |     1 |     1 |     1 |     5 |     1 |     6 ||    16
Armor: Leather armour    |    22 |       |       |   112 |       |       |       |       ||   134
       Ring mail         |     6 |    25 |    11 |       |       |       |       |       ||    42
       Scale mail        |       |       |   207 |    58 |       |       |       |       ||   265
       Chain mail        |       |       |    18 |   132 |    10 |       |       |       ||   160
       Crystal plate arm |       |       |       |       |  1167 |  1837 |  1051 |  1562 ||  5617
Dodge: Dodged            |    40 |    21 |   148 |   167 |    39 |   114 |   117 |   243 ||   889

Table legend:
 A = Spawn XP
 B = Non-spawn XP
 C = Spawn XP percentage of total XP
 D = Spawn monster count
 E = Non-spawn monster count
 F = Spawn count percentage of total count
 G = Total turns spent on level
                    A         B        C        D         E        F      G
               +---------+---------+-------+---------+---------+-------+---------
         Total |    7718 | 1123406 |   0.7 |      14 |    2049 |   0.7 | 80479
               +---------+---------+-------+---------+---------+-------+---------
           D:1 |       0 |      12 |   0.0 |       0 |       8 |   0.0 |   760
           D:2 |       0 |      37 |   0.0 |       0 |      18 |   0.0 |  1288
           D:3 |       0 |     117 |   0.0 |       0 |      11 |   0.0 |  1579
           D:4 |       0 |     764 |   0.0 |       0 |      16 |   0.0 |  1620
           D:5 |       0 |     335 |   0.0 |       0 |      15 |   0.0 |   821
           D:6 |       0 |     461 |   0.0 |       0 |      15 |   0.0 |  1010
           D:7 |       0 |     935 |   0.0 |       0 |      15 |   0.0 |  1508
           D:8 |       0 |    2746 |   0.0 |       0 |      34 |   0.0 |  1741
           D:9 |       0 |    5731 |   0.0 |       0 |      37 |   0.0 |  1857
          D:10 |       0 |    2344 |   0.0 |       0 |      33 |   0.0 |  1743
          D:11 |       0 |    2418 |   0.0 |       0 |      18 |   0.0 |   979
          D:12 |       0 |   10489 |   0.0 |       0 |      38 |   0.0 |  2040
          D:13 |       0 |   15453 |   0.0 |       0 |      45 |   0.0 |  1392
          D:14 |       0 |   23645 |   0.0 |       0 |      50 |   0.0 |  2104
          D:15 |       0 |   27705 |   0.0 |       0 |      56 |   0.0 |  1925
        Lair:1 |       0 |    6572 |   0.0 |       0 |      26 |   0.0 |  1785
        Lair:2 |       0 |    5517 |   0.0 |       0 |      28 |   0.0 |  1703
        Lair:3 |       0 |    9024 |   0.0 |       0 |      24 |   0.0 |  1911
        Lair:4 |       0 |    4722 |   0.0 |       0 |      24 |   0.0 |  1969
        Lair:5 |       0 |    7758 |   0.0 |       0 |      24 |   0.0 |  1925
        Lair:6 |       0 |   16044 |   0.0 |       0 |      49 |   0.0 |  2501
      Shoals:1 |       0 |   13067 |   0.0 |       0 |      32 |   0.0 |  1091
      Shoals:2 |       0 |    4651 |   0.0 |       0 |      10 |   0.0 |   758
      Shoals:3 |       0 |   23087 |   0.0 |       0 |      43 |   0.0 |  1579
      Shoals:4 |       0 |   53515 |   0.0 |       0 |      77 |   0.0 |  2186
      Spider:1 |       0 |   16267 |   0.0 |       0 |      34 |   0.0 |  1498
      Spider:2 |       0 |   16300 |   0.0 |       0 |      31 |   0.0 |  2163
      Spider:3 |       0 |   13898 |   0.0 |       0 |      32 |   0.0 |  1589
      Spider:4 |       0 |   42706 |   0.0 |       0 |      76 |   0.0 |  2510
       Slime:1 |       0 |    3842 |   0.0 |       0 |      13 |   0.0 |   139
       Slime:2 |       0 |     411 |   0.0 |       0 |       1 |   0.0 |    13
       Slime:3 |       0 |    3843 |   0.0 |       0 |      13 |   0.0 |   250
       Slime:4 |       0 |    6141 |   0.0 |       0 |      10 |   0.0 |   190
       Slime:5 |       0 |   43662 |   0.0 |       0 |      26 |   0.0 |  1005
         Orc:1 |       0 |    4090 |   0.0 |       0 |      38 |   0.0 |   804
         Orc:2 |       0 |   16512 |   0.0 |       0 |      88 |   0.0 |  2093
         Elf:1 |       0 |   52492 |   0.0 |       0 |      87 |   0.0 |  2143
         Elf:2 |       0 |   55020 |   0.0 |       0 |      83 |   0.0 |  2549
         Elf:3 |       0 |   59277 |   0.0 |       0 |      54 |   0.0 |  2199
      Vaults:1 |       0 |   38120 |   0.0 |       0 |      70 |   0.0 |  1958
      Vaults:2 |       0 |   59578 |   0.0 |       0 |      99 |   0.0 |  2597
      Vaults:3 |       0 |   57009 |   0.0 |       0 |      82 |   0.0 |  2400
      Vaults:4 |       0 |   54918 |   0.0 |       0 |      59 |   0.0 |  2094
      Vaults:5 |       0 |   36669 |   0.0 |       0 |      29 |   0.0 |   233
      Depths:1 |       0 |   46601 |   0.0 |       0 |      57 |   0.0 |  1965
      Depths:2 |       0 |   50883 |   0.0 |       0 |      75 |   0.0 |  2636
      Depths:3 |       0 |   69897 |   0.0 |       0 |      73 |   0.0 |  1555
      Depths:4 |       0 |   71048 |   0.0 |       0 |      65 |   0.0 |  2316
      Depths:5 |       0 |   47143 |   0.0 |       0 |      57 |   0.0 |  1775
       Abyss:2 |    4753 |   10733 |  30.7 |      11 |      22 |  33.3 |   902
       Abyss:3 |    2965 |    6964 |  29.9 |       3 |       3 |  50.0 |   237
        Bailey |       0 |    2233 |   0.0 |       0 |      26 |   0.0 |   664
               +---------+---------+-------+---------+---------+-------+---------
